 Dungeon Crawl Stone Soup version 0.20-a0-261-gcb1eca7 (webtiles) character file.

63 Ishingly the Skirmisher (level 4, 32/48 HPs)
             Began as an Ogre Berserker on Dec 4, 2016.
             Was a Follower of Trog.
             Quit the game on level 2 of the Dungeon.
             The game lasted 00:07:47 (1399 turns).

Ishingly the Skirmisher (Ogre Berserker)            Turns: 1399, Time: 00:07:47

Health: 32/48      AC:  3    Str: 23    XL:     4   Next: 9%
Magic:  4/4        EV: 10    Int:  6    God:    Trog [*.....]
Gold:   62         SH:  0    Dex:  9    Spells: 3/3 levels left

rFire  . . .     SeeInvis .     a - +0 hand axe
rCold  . . .     Gourm    +     b - +0 animal skin
rNeg   . . .     Faith    .     (no shield)
rPois  .         Spirit   .     (helmet restricted)
rElec  .         Reflect  .     (no cloak)
rCorr  .         Harm     .     (gloves unavailable)
MR     +....                    (boots unavailable)
Stlth  +.........               o - amulet of the gourmand
                                (no ring)
                                g - ring of protection from magic

@: no status effects
A: unfitting armour, tough skin 1
a: Berserk, Burn Spellbooks, Renounce Religion


You were on level 2 of the Dungeon.
You worshipped Trog.
Trog was aware of your devotion.
You were not hungry.

You visited 1 branch of the dungeon, and saw 2 of its levels.

You collected 62 gold pieces.

Inventory:

Hand Weapons
 a - a +0 hand axe (weapon)
Armour
 b - a +0 animal skin (worn)
Jewellery
 g - a ring of protection from magic (left hand)
 o - an amulet of the gourmand (around neck)
Wands
 m - a wand of iceblast (9/15)
 p - a wand of slowing (38/48)
Scrolls
 d - a scroll of identify {unknown}
 e - a scroll of teleportation {unknown}
 i - 2 scrolls of remove curse {unknown}
 j - a scroll of immolation {unknown}
 l - a scroll of enchant armour {unknown}
Potions
 h - a potion of curing {unknown}
 k - a potion of lignification {unknown}
 n - a potion of ambrosia {unknown}
Comestibles
 c - 2 bread rations
 f - a beef jerky


   Skills:
 - Level 4.0 Fighting
 + Level 3.5 Axes
 - Level 2.6 Dodging


You had 3 spell levels left.
You didn't know any spells.

Dungeon Overview and Level Annotations

Branches:
Dungeon (2/15)

Altars:
Kikubaaqudgha


Innate Abilities, Weirdness & Mutations

You are too large for most types of armour.
You have tough skin. (AC +1)


Message History

You butcher the adder corpse.
q - a chunk of flesh Eat a chunk of flesh? (ye/n/q)
You start eating the chunk of flesh.
This raw flesh is not very appetising.
You start resting.
You feel sick. x3
You are no longer poisoned.
You start resting.
A goblin comes into view. It is wielding a trident.
The goblin hits you with a trident.
Found 8 gold pieces.
You barely miss the goblin. The goblin barely misses you.
You barely miss the goblin. The goblin hits you but does no damage.
You barely miss the goblin. The goblin barely misses you.
You closely miss the goblin. The goblin hits you with a trident.
You miss the goblin. The goblin closely misses you.
You slash the goblin!
You kill the goblin!
Trog accepts your kill.
Are you sure you want to abandon this character and quit the game? (Confirm with "yes".)

#. #. ## .. .# # #. .
.# ########## #.#.#.#
.........######..#..#
................).$.#
#########.####..@#
### # #.# #...# ... #
#.## #...##.# # #..#
##.....# # ##.##
###.### #
##...###...# #
##.....##.###
#######.......#.#
#...#....._.....#


There were no monsters in sight!

Vanquished Creatures
  Ijyb (D:2)
  An adder (D:2)
  A worm (D:2)
  3 bats (D:1)
  2 giant cockroaches
  4 goblins
  2 hobgoblins (D:1)
  4 jackals (D:1)
  A kobold (D:1)
  3 frilled lizards
  3 rats
25 creatures vanquished.

Notes
Turn   | Place    | Note
-------+----------+-------------------------------------------
     0 | D:1      | Ishingly the Ogre Berserker began the quest for the Orb.
     0 | D:1      | Reached XP level 1. HP: 24/24 MP: 1/1
   106 | D:1      | Reached XP level 2. HP: 26/32 MP: 2/2
   772 | D:2      | Noticed Ijyb
   794 | D:2      | Reached XP level 3. HP: 13/39 MP: 3/3
  1079 | D:2      | Killed Ijyb
  1153 | D:2      | Found an ancient bone altar of Kikubaaqudgha.
  1223 | D:2      | Reached XP level 4. HP: 23/48 MP: 4/4
  1399 | D:2      | Quit the game

Vault maps used:
D:1:      lemuel_arrival_broad_hall
D:2:      lemuel_round_altar, uniq_iyjb, uniq_robin

Skill      XL: |  1  2 |
---------------+-------+-----
Axes           | 3 |  3.5
Fighting       | |  4.0
Dodging        | |  2.6

Action                   |  1- 3 |  4- 6 || total
-------------------------+-------+-------++-------
Melee: Hand axe          |    95 |    15 ||   110
  Eat: Chunk             |     4 |     1 ||     5
Armor: Animal skin       |    32 |       ||    32
Dodge: Dodged            |    71 |    10 ||    81
